 Dungeon Crawl Stone Soup version 0.29-a0-72-g1732ff48e7 (webtiles) character file.

Game seed: 4663318524855171555

438 Hubjo the Sneak (level 6, -5/36 HPs)
             Began as a Vampire Enchanter on Feb 4, 2022.
             Was an Initiate of Yredelemnul.
             Killed by divine providence
             ... invoked by an orc priest
              (14 damage)
             ... on level 4 of the Dungeon.
             The game lasted 00:12:07 (3131 turns).

Hubjo the Sneak (Vampire Enchanter)                 Turns: 3131, Time: 00:12:08

Health: -5/36      AC:  4    Str:  7    XL:     6   Next: 69%
Magic:  9/9        EV: 13    Int: 17    God:    Yredelemnul [......]
Gold:   183        SH:  0    Dex: 17    Spells: 3/9 levels left

rFire   . . .      SeeInvis +   a - +2 dagger
rCold   + + .      Faith    .   (no shield)
rNeg    + + +      Spirit   .   b - +0 robe
rPois   ∞          Reflect  .   (no helmet)
rElec   .          Harm     .   (no cloak)
rCorr   .          Rampage  .   f - +1 pair of gloves
Will    .....                   (no boots)
Stlth   ++++++....              (no amulet)
HPRegen 0.00/turn               (no ring)
MPRegen 0.11/turn               (no ring)

@: bloodless, inhibited regen
A: bloodless, fangs 3, see invisible, vampiric 2
a: Bat Form, Revivify, Renounce Religion, Recall Undead Harvest


You were on level 4 of the Dungeon.
You worshipped Yredelemnul.
Yredelemnul was noncommittal.
You visited 1 branch of the dungeon, and saw 4 of its levels.

You collected 219 gold pieces.
You spent 36 gold pieces at shops.

Inventory:

Hand Weapons
 a - a +2 dagger (weapon)
Missiles
 g - 4 atropa-tipped darts (quivered)
Armour
 b - a +0 robe (worn)
 f - a +1 pair of gloves (worn)
Magical Staves
 l - a staff of earth
Wands
 q - a wand of charming (9)
Scrolls
 e - 3 scrolls of teleportation
Potions
 c - a potion of invisibility
 d - a potion of haste
 h - a potion of brilliance


   Skills:
 + Level 2.7 Fighting
 + Level 2.8 Short Blades
 + Level 3.5 Dodging
 * Level 7.2 Stealth
 + Level 2.3 Spellcasting
 + Level 5.6 Hexes
 + Level 1.0 Invocations


You had 3 spell levels left.
You knew the following spells:

 Your Spells              Type           Power      Damage    Failure   Level
a - Tukima's Dance        Hex            21%        N/A       5%          3
b - Dazzling Flash        Conj/Hex       22%        N/A       19%         3

Your spell library contained the following spells:

 Spells                   Type           Power      Damage    Failure   Level
 Confusing Touch          Hex            21%        N/A       5%          3
 Ensorcelled Hibernation  Hex/Ice        22%        N/A       9%          2
 Freeze                   Ice            4%         1d3       19%         1
 Sandblast                Erth           2%         2d4       19%         1
 Passwall                 Tmut/Erth      0%         N/A       28%         2
 Frozen Ramparts          Ice            2%         1d2       50%         3
 Stone Arrow              Conj/Erth      2%         3d7       50%         3
 Hailstorm                Conj/Ice       1%         3d3       88%         4


Dungeon Overview and Level Annotations

Branches:
Dungeon (4/15)
 Temple: D:4-7

Altars:
Ru
Yredelemnul

Shops:
D:2 ((?


Innate Abilities, Weirdness & Mutations

You do not regenerate when monsters are visible.
You are frail without blood (-20% HP).
You can heal yourself when you bite living creatures.
You are immune to poison.
You have razor-sharp teeth.
You have supernaturally acute eyesight. (SInv)
You are afflicted with vampirism and can become a bat while bloodless.


Message History

The orc priest calls upon Beogh to heal the orc.
The orc's wounds heal themselves!
The orc priest looks braver for a moment.
The orc priest miscasts a cantrip.
Aiming: Charm
Press: ? - help, Shift-Dir - straight line, f - orc
Aim: an orc, wielding a +0 flail and wearing a +0 chain mail (chance to affect: 66%)
Okay, then.
Aiming: Charm
Press: ? - help, Shift-Dir - straight line, f - orc
Aim: an orc, wielding a +0 flail and wearing a +0 chain mail (chance to affect: 66%)
The orc is charmed.
Your orc barely misses the orc priest.
The orc barely misses your orc.
An ogre comes into view. It is wielding a +0 giant club.
Found a club.
Something hits the orc priest.
The orc priest invokes the aid of Beogh against you.
Beogh smites you!
* * * LOW HITPOINT WARNING * * *
Your orc barely misses the orc priest.
Something hits your orc.
Your orc hits something but does no damage.
The orc priest looks braver for a moment.
Aiming: Charm
Press: ? - help, Shift-Dir - straight line, f - orc priest
Aim: an orc priest, wielding a +0 short sword (moderately wounded, chance to affect: 49%)
The orc priest resists with some effort.
Aiming: Charm
Press: ? - help, Shift-Dir - straight line, f/p - orc priest
Aim: an orc priest, wielding a +0 short sword (moderately wounded, chance to affect: 49%)
The orc priest is charmed.
You start resting.
The orc priest is no longer charmed.
The orc priest hits you with a +0 short sword.
* * * LOW HITPOINT WARNING * * *
The orc priest hits you but does no damage.
The orc priest calls down the wrath of Beogh upon you.
Beogh smites you!
You die...
Yredelemnul claims you as an undead slave.

##.###### ###.#>####
.###########...#...#####...#...##
.....)...................#####.##
.####.####..........####...#...##
.####.## ##...........####.#.....
.......# ##...#......# #...####
#####..# #..##......#####.#####
#..# #...o..............##.
#####..# #####@...#######.#....
>......# #######....# #.####.
#####..# #........#.## #.# ##
####..###...........# #.# #
#.............####..# #.# #
#.#######..##.# #..# #.# # #
#§.##.# #..# #.# # #..##.# #..#
#.##### #..##.####..# ####......


You could see an orc priest.

Vanquished Creatures
  A water moccasin (D:4)
  A black bear (D:4)
  2 gnolls (D:2)
  13 adders
  A worm (D:4)
  3 dart slugs
  An orc (D:4)
  3 endoplasms
  A giant cockroach (D:1)
  7 goblins
  6 hobgoblins
  7 quokkas
  10 ball pythons
  2 bats
  A frilled lizard (D:2)
  5 kobolds
  3 rats
67 creatures vanquished.

Vanquished Creatures (collateral kills)
  A gnoll (D:2)
  3 adders
  An orc (D:4)
  A ball python (D:4)
  A hobgoblin (D:3)
  A quokka (D:4)
  A kobold (D:4)
9 creatures vanquished.

Vanquished Creatures (others)
  A water moccasin zombie (D:4)
  A worm zombie (D:4)
  An orc (D:4)
  A ball python zombie (D:4)
  A dart slug zombie (D:4)
  A goblin zombie (D:2)
  A hobgoblin zombie (D:4)
  2 orc zombies (D:4)
  2 quokka zombies
  42 plants (D:2)
53 creatures vanquished.

Grand Total: 129 creatures vanquished

Notes
Turn   | Place    | Note
-------+----------+-------------------------------------------
     0 | D:1      | Hubjo the Vampire Enchanter began the quest for the Orb.
     0 | D:1      | Reached XP level 1. HP: 13/13 MP: 3/3
   284 | D:1      | Reached XP level 2. HP: 9/20 MP: 5/5
   296 | D:1      | HP: 1/20 [hobgoblin (5)]
   561 | D:1      | Reached skill level 5 in Stealth
   583 | D:1      | Reached skill level 1 in Fighting
   601 | D:1      | Found a faded altar of an unknown god.
   620 | D:1      | Prayed at the altar of an unknown god.
   620 | D:1      | Became a worshipper of Yredelemnul the Dark
   620 | D:1      | Reached * piety under Yredelemnul
   640 | D:2      | Found Zuhas's Weapon Shoppe.
   643 | D:2      | Gained mutation: You are afflicted with vampirism and can
                  | become a bat while bloodless. [Vampire growth]
   643 | D:2      | Reached XP level 3. HP: 26/26 MP: 6/6
   674 | D:2      | Learned a level 3 spell: Tukima's Dance
   678 | D:2      | Learned a level 3 spell: Dazzling Flash
   689 | D:2      | Found a sacrificial altar of Ru.
   719 | D:2      | Found Yvebbeal's Magic Scroll Boutique.
   730 | D:2      | Bought a scroll of teleportation for 36 gold pieces
   736 | D:2      | Found Wenor's Weapon Boutique.
   920 | D:2      | Reached XP level 4. HP: 25/26 MP: 7/7
   982 | D:2      | Reached ** piety under Yredelemnul
  1420 | D:2      | Reached skill level 5 in Hexes
  1443 | D:2      | Reached skill level 6 in Stealth
  1443 | D:2      | Reached XP level 5. HP: 30/30 MP: 8/8
  1638 | D:2      | Reached *** piety under Yredelemnul
  2362 | D:4      | Noticed a black bear
  2383 | D:4      | HP: 1/31 [black bear (2)]
  2401 | D:4      | Killed a black bear
  2402 | D:4      | Reached XP level 6. HP: 36/36 MP: 9/9
  2599 | D:4      | Noticed a water moccasin
  2627 | D:4      | Killed a water moccasin
  2628 | D:4      | Reached skill level 7 in Stealth
  2628 | D:4      | Reached skill level 1 in Invocations
  3131 | D:4      | Killed from afar by an orc priest

Illustrated notes

Levels and vault maps discovered:
D:1:      lemuel_arrival_funnel, layout_rooms,
          ebering_ecumenical_altar_abandoned
D:2:      wad_woods_settlement, layout_basic, basic_altar, serial_shops,
          nicolae_shop_crystal, nicolae_diamond_shop, nicolae_shop_crystal,
          minmay_snake_closets
D:3:      layout_rooms
D:4:      layout_loops_ring, minmay_distorted

Skill      XL: |  1  2  3  4  5  6 |
---------------+-------------------+-----
Stealth        | 5 6 7 |  7.2
Fighting       | 1 2 |  2.7
Short Blades   | 2 |  2.8
Hexes          | 5 |  5.6
Dodging        | 3 |  3.5
Invocations    | 1 |  1.0
Spellcasting   | |  2.3

Action                   |  1- 3 |  4- 6 || total
-------------------------+-------+-------++-------
Melee: Dagger            |   121 |   148 ||   269
       Bite              |    12 |    16 ||    28
       Punch             |     3 |     2 ||     5
Throw: Throwing net      |       |     1 ||     1
 Abil: Exsanguinate      |     1 |       ||     1
Evoke: Wand              |       |     3 ||     3
  Use: Scroll            |     4 |     6 ||    10
       Potion            |       |     5 ||     5
 Stab: Sleeping          |    15 |    19 ||    34
       Invisible         |       |     1 ||     1
Armor: Robe              |    16 |    34 ||    50
Dodge: Dodged            |    52 |    84 ||   136

Table legend: (Time is in decaauts)
 A = Elapsed time spent in this place.
 B = Non-inter-level travel time spent in this place.
 C = Inter-level travel time spent in this place.
 D = Time resting spent in this place.
 E = Time spent auto-exploring this place.
 F = Levels seen in this place.
 G = Mean time per level.
                   A        B        C        D        E       F      G
               +--------+--------+--------+--------+--------+-----+--------+
         Total |   3105 |   2877 |    228 |     36 |   2015 |   4 |  776.2 |
       Dungeon |   3105 |   2877 |    228 |     36 |   2015 |   4 |  776.2 |
               +--------+--------+--------+--------+--------+-----+--------+

Top non-repeatable levels by time:
     D:2: 1108 daAuts
     D:4: 822 daAuts
     D:1: 635 daAuts
     D:3: 540 daAuts
